 Dungeon Crawl Stone Soup version 0.28.0-45-g0d030f2227 (webtiles) character file.

Game seed: 3801163228983154805

207 Andrea the Covert (level 5, -5/38 (47) HPs)
             Began as a Gnoll Delver on Apr 5, 2022.
             Slain by a wight
             ... wielding a +4 halberd
              (13 damage)
             ... on level 4 of the Dungeon.
             The game lasted 00:06:55 (4418 turns).

Andrea the Covert (Gnoll Delver)                    Turns: 4418, Time: 00:06:56

HP:   -5/38 (47)    AC: 12    Str: 14    XL:     5   Next: 85%
MP:   7/7           EV:  7    Int:  9    God:
Gold: 184           SH:  0    Dex: 13    Spells: 7/7 levels left

rFire   . . .      SeeInvis .   a - +0 spear
rCold   . . .      Faith    .   (no shield)
rNeg    . . .      Spirit   .   d - +0 chain mail
rPois   .          Reflect  .   (no helmet)
rElec   .          Harm     .   (no cloak)
rCorr   .          Rampage  .   (no gloves)
Will    .....                   (no boots)
Stlth   +.........              (no amulet)
HPRegen 0.12/turn               s - +4 ring of protection
MPRegen 0.10/turn               (no ring)

@: heavily drained
A: fangs 1, strong nose, distributed training
a: no special abilities


You were on level 4 of the Dungeon.
You visited 1 branch of the dungeon, and saw 5 of its levels.

You collected 184 gold pieces.

Inventory:

Hand Weapons
 a - a +0 spear (weapon)
 p - a +1 dagger of venom
Missiles
 n - 2 curare-tipped darts (quivered)
 q - 10 poisoned darts
Armour
 d - a +0 chain mail (worn)
Jewellery
 m - a ring of fire
 s - a +4 ring of protection (left hand)
Wands
 g - a wand of digging (3)
 j - a wand of paralysis (5)
Scrolls
 b - 3 scrolls of immolation {unknown}
 c - 2 scrolls of fog
 e - a scroll of fear
 k - 4 scrolls of identify {unknown}
 o - a scroll of amnesia {unknown}
 t - a scroll of teleportation {unknown}
Potions
 f - a potion of haste
 h - a potion of brilliance {unknown}
 i - a potion of invisibility {unknown}
 l - 4 potions of curing {unknown}
 r - a potion of flight {unknown}


   Skills:
 + Level 6.7 Fighting
 + Level 1.6 Short Blades
 + Level 1.6 Long Blades
 + Level 1.6 Axes
 + Level 1.6 Maces & Flails
 + Level 4.8 Polearms
 + Level 1.6 Staves
 + Level 1.6 Slings
 + Level 1.6 Bows
 + Level 1.6 Crossbows
 + Level 1.6 Throwing
 + Level 1.6 Armour
 + Level 4.8 Dodging
 + Level 9.7 Stealth
 + Level 1.6 Shields
 + Level 1.6 Unarmed Combat
 + Level 1.6 Spellcasting
 + Level 1.3 Conjurations
 + Level 1.3 Hexes
 + Level 1.3 Summonings
 + Level 1.3 Necromancy
 + Level 1.3 Translocations
 + Level 1.3 Transmutations
 + Level 1.3 Fire Magic
 + Level 1.3 Ice Magic
 + Level 1.3 Air Magic
 + Level 1.3 Earth Magic
 + Level 1.3 Poison Magic
 + Level 1.9 Invocations
 + Level 1.6 Evocations


You had 7 spell levels left.
You didn't know any spells.
Your spell library contained the following spells:

 Spells                   Type           Power      Damage    Failure   Level
 Foxfire                  Conj/Fire      12%        2x1d4     99%         1
 Pain                     Necr           12%        1d4       99%         1
 Static Discharge         Conj/Air       3%         N/A       100%        2
 Conjure Flame            Conj/Fire      3%         6-21      100%        3
 Inner Flame              Hex/Fire       3%         N/A       100%        3
 Dispel Undead            Necr           3%         3d7       100%        4
 Flame Wave               Conj/Fire      3%         2d4       100%        4
 Sticky Flame             Conj/Fire      3%         2d3       100%        4
 Agony                    Necr           3%         N/A       100%        5
 Excruciating Wounds      Necr           1%         N/A       100%        5
 Iskenderun's Battlesphe  Conj           3%         2d6       100%        5
 Iron Shot                Conj/Erth      1%         9d1       100%        6
 Spellforged Servitor     Conj/Summ      1%         N/A       100%        7


Dungeon Overview and Level Annotations

Branches:
Dungeon (5/15)
 Temple: D:4-7

Altars:
Makhleb
Wu Jian
Xom


Innate Abilities, Weirdness & Mutations

You have very sharp teeth.
Your uncanny sense of smell can sniff out nearby items.
Your experience applies equally to all skills.


Message History

Found a stone staircase leading down.
There is a stone staircase leading down here.
A wight is nearby!
A wight is nearby!
Aiming: Paralyse
Press: ? - help, Q - select action, (/) - cycle Shift-Dir - straight line, f - wight
Aim: a wight, wielding a +4 halberd and wearing a +0 robe (wandering, hasn't noticed you, chance to affect: 52%)
The wight resists with significant effort.
Throw: 2 darts (curare)
Press: ? - help, Q - select action, (/) - cycle Shift-Dir - straight line, f/p - wight
Aim: a wight, wielding a +4 halberd and wearing a +0 robe (60% to hit)
Okay, then.
Aiming: Paralyse
Press: ? - help, Shift-Dir - straight line, f/p - wight
Aim: a wight, wielding a +4 halberd and wearing a +0 robe (chance to affect: 52%)
The wight resists with significant effort.
Aiming: Paralyse
Press: ? - help, Shift-Dir - straight line, f/p - wight
Aim: a wight, wielding a +4 halberd and wearing a +0 robe (chance to affect: 52%)
The wight resists with significant effort.
Aiming: Paralyse
Press: ? - help, Shift-Dir - straight line, f/p - wight
Aim: a wight, wielding a +4 halberd and wearing a +0 robe (chance to affect: 52%)
The wight resists with significant effort.
Aiming: Paralyse
Press: ? - help, Shift-Dir - straight line, f/p - wight
Aim: a wight, wielding a +4 halberd and wearing a +0 robe (chance to affect: 52%)
The wight resists with significant effort.
The wight hits you from afar with a +4 halberd!
You feel drained. The wight hits you with a +4 halberd!
You feel drained.
You hit the wight.
The wight is lightly damaged.
The wight hits you with a +4 halberd!
* * * LOW HITPOINT WARNING * * *
You barely miss the wight.
The wight is lightly damaged.
The wight hits you but does no damage.
The wight hits you from afar with a +4 halberd!
You die...

.....#......≈..≈.........# ###
####........###..........# #
##......## #......##.## ##
#.....## ##....#####.# .#
##.....####...### #.##
.###............## ##.##
..#....##.......## #..#
.......##........# ######
.......#........@### ####.#
...................######...#*
..............#.z...........#
..#..........#.......####.>.#
..##........#.......## #...#
#.###...............# ##..#
#.####..............######..##
#..###.........####..........#
...##..###.....# ##.........##


You could see a wight.

Vanquished Creatures
  A bullfrog skeleton (D:4)
  An orc wizard (D:3)
  3 adders
  A river rat (D:4)
  An adder skeleton (D:4)
  A worm (D:3)
  3 dart slugs
  6 orcs
  10 ball pythons
  6 endoplasms
  18 giant cockroaches
  5 goblins
  6 hobgoblins
  3 jackals (D:4)
  4 kobolds
  6 quokkas
  5 bats
  2 frilled lizards
  8 rats
90 creatures vanquished.

Notes
Turn   | Place    | Note
-------+----------+-------------------------------------------
     0 | D:5      | Reached skill level 9 in Stealth
     0 | D:5      | Andrea the Gnoll Delver began the quest for the Orb.
     0 | D:5      | Reached XP level 1. HP: 23/23 MP: 1/1
    12 | D:5      | Noticed a phantom
    86 | D:4      | Reached XP level 2. HP: 22/29 MP: 2/2
   493 | D:1      | Reached XP level 3. HP: 31/35 MP: 3/3
   845 | D:1      | Reached skill level 1 in Invocations
  1265 | D:2      | Reached skill level 1 in Short Blades
  1265 | D:2      | Reached skill level 1 in Long Blades
  1265 | D:2      | Reached skill level 1 in Axes
  1265 | D:2      | Reached skill level 1 in Maces & Flails
  1265 | D:2      | Reached skill level 1 in Staves
  1265 | D:2      | Reached skill level 1 in Slings
  1265 | D:2      | Reached skill level 1 in Bows
  1265 | D:2      | Reached skill level 1 in Crossbows
  1265 | D:2      | Reached skill level 1 in Throwing
  1265 | D:2      | Reached skill level 1 in Armour
  1265 | D:2      | Reached skill level 1 in Shields
  1265 | D:2      | Reached skill level 1 in Unarmed Combat
  1265 | D:2      | Reached skill level 1 in Spellcasting
  1265 | D:2      | Reached skill level 1 in Evocations
  1283 | D:2      | Reached XP level 4. HP: 26/41 MP: 5/5
  1929 | D:3      | Found a burning altar of Makhleb.
  2122 | D:3      | Reached skill level 1 in Conjurations
  2122 | D:3      | Reached skill level 1 in Hexes
  2122 | D:3      | Reached skill level 1 in Summonings
  2122 | D:3      | Reached skill level 1 in Necromancy
  2122 | D:3      | Reached skill level 1 in Translocations
  2122 | D:3      | Reached skill level 1 in Transmutations
  2122 | D:3      | Reached skill level 1 in Fire Magic
  2122 | D:3      | Reached skill level 1 in Ice Magic
  2122 | D:3      | Reached skill level 1 in Air Magic
  2122 | D:3      | Reached skill level 1 in Earth Magic
  2122 | D:3      | Reached skill level 1 in Poison Magic
  2168 | D:3      | Found an ornate altar of the Wu Jian Council.
  2353 | D:3      | Found a faded altar of an unknown god.
  2399 | D:3      | Reached XP level 5. HP: 23/47 MP: 5/7
  3308 | D:4      | Found a shimmering altar of Xom.
  4418 | D:4      | Slain by a wight

Illustrated notes

Levels and vault maps discovered:
D:1:      nzn_arrival_depleted_hourglass, layout_rooms
D:2:      minmay_roachtagon, layout_loops_ring
D:3:      minmay_evil_eye, layout_basic, nzn_wu_jian_council_hall,
          mainiacjoe_overflow_surrounded_room, basic_ecumenical_altar
D:4:      layout_layer_cave, nicolae_overflow_crystal_walls,
          lightli_ossuary_entry_decrepit_ruins, cheibrodos_sewer_entry_sluice
D:5:      layout_cave_pods, grunt_ministairs_13

Skill      XL: |  1  2  3  4 |
---------------+-------------+-----
Stealth        | |  9.7
Invocations    | 1 |  1.9
Short Blades   | 1 |  1.6
Long Blades    | 1 |  1.6
Axes           | 1 |  1.6
Maces & Flails | 1 |  1.6
Staves         | 1 |  1.6
Slings         | 1 |  1.6
Bows           | 1 |  1.6
Crossbows      | 1 |  1.6
Throwing       | 1 |  1.6
Armour         | 1 |  1.6
Shields        | 1 |  1.6
Unarmed Combat | 1 |  1.6
Spellcasting   | 1 |  1.6
Evocations     | 1 |  1.6
Conjurations   | 1 |  1.3
Hexes          | 1 |  1.3
Summonings     | 1 |  1.3
Necromancy     | 1 |  1.3
Translocations | 1 |  1.3
Transmutations | 1 |  1.3
Fire Magic     | 1 |  1.3
Ice Magic      | 1 |  1.3
Air Magic      | 1 |  1.3
Earth Magic    | 1 |  1.3
Poison Magic   | 1 |  1.3
Fighting       | |  6.7
Polearms       | |  4.8
Dodging        | |  4.8

Action                   |  1- 3 |  4- 6 || total
-------------------------+-------+-------++-------
Melee: Spear             |   153 |   241 ||   394
       Bite              |     4 |    14 ||    18
       Punch             |     3 |     2 ||     5
Evoke: Wand              |       |     5 ||     5
  Use: Scroll            |     1 |       ||     1
       Potion            |       |     1 ||     1
 Stab: Sleeping          |    13 |     9 ||    22
       Distracted        |       |     2 ||     2
Armor: Leather armour    |    14 |       ||    14
       Ring mail         |    15 |    74 ||    89
       Chain mail        |       |     6 ||     6
Dodge: Dodged            |    68 |   132 ||   200
